Map: Prüfung von Aiur LE

Players

Panda - Winner!

  • Race: Zerg Zerg
  • League: Platinum
  • Spawn Location: 11:00

Maximus

  • Race: Protoss Protoss
  • League: Platinum
  • Spawn Location: 5:00

VOD

Have the link to the VOD?

Description

Time

  • Played on: Aug. 30, 2017, 6:13 a.m.
  • Length: 4:14
Show
View Real Time Build Order
Export as new Build Order

Panda Zerg - Winner!

Build Orders: Pool Only 

Get SALT Encoding   

  12  0:19  Spawning Pool  
  11  0:21  Drone  
  11  0:28  Drone  
  13  0:31  Drone  
  13  0:35  Extractor  
  13  0:39  Drone  
  14  0:49  Extractor, Drone  
  14  0:57  Overlord  
  14  1:16  Drone x2  
  16  1:21  Roach Warren  
  15  1:26  Drone  
  16  1:38  Overlord  
  16  2:02  Roach  
  16  2:03  Roach  
  20  2:09  Roach  
  22  2:26  Roach  
  24  2:31  Ravager x2  
  24  2:32  Ravager  
  27  2:43  Roach  
  29  2:47  Overlord  
  29  2:53  Ravager  
  30  3:05  Queen  
  32  3:07  Zergling x4  
  34  3:31  Zergling x2  
  34  3:32  Zergling x2  
  36  3:51  Spine Crawler  
  36  3:53  Drone x2  
Show
View Real Time Build Order
Export as new Build Order

Maximus Protoss 

Build Orders:  

Get SALT Encoding   

Tags
 
Add a new tag
Caveats
  • Supply blocks, unpowered buildings, or Contaminate may cause inaccurate times.
  • Supply counts are checked every 10 seconds.